 Dungeon Crawl Stone Soup version 0.29.1 (webtiles) character file.

Game seed: 13867336271693674025

21036 greasedhog the Bludgeoner (level 12, -13/77 HPs)
             Began as a Gargoyle Chaos Knight on Sept 13, 2022.
             Was a Plaything of Xom.
             Mangled by a sun demon (19 damage)
             ... summoned by an orc sorcerer
             ... while paralysed by an orc sorcerer
             ... on level 12 of the Dungeon.
             The game lasted 00:22:34 (14457 turns).

greasedhog the Bludgeoner (Gargoyle Chaos Knight)  Turns: 14457, Time: 00:22:34

Health: -13/77     AC: 20    Str: 21    XL:     12   Next: 85%
Magic:  12/12      EV:  2    Int: 13    God:    Xom [...*..]
Gold:   847        SH:  0    Dex:  9    Spells: 11/11 levels left

rFire   . . .      SeeInvis +   l - +1 eveningstar (drain)
rCold   . . .      Faith    .   x - +0 kite shield
rNeg    + . .      Spirit   .   C - +0 troll leather armour
rPois   ∞          Reflect  .   (helmet restricted)
rElec   +          Harm     .   F - +0 cloak
rCorr   .          Rampage  .   D - +0 pair of gloves
Will    +....      Clarity  +   o - +1 pair of boots {Fly}
Stlth   +.........              (no amulet)
HPRegen 1.02/turn               s - ring of see invisible
MPRegen 0.13/turn               B - ring of willpower

@: paralysed, flying, unable to drink
A: sickness immunity, AC +8, negative energy resistance 1, electricity
resistance, torment resistance 1, petrification resistance, horns 1, iridescent
scales 1, clarity, mutation resistance 1, inability to drink after injury 1,
sturdy frame 1
a: Renounce Religion


You were on level 12 of the Dungeon.
You worshipped Xom.
You were a favourite toy of Xom.
You visited 2 branches of the dungeon, and saw 13 of its levels.

You collected 880 gold pieces.
You spent 33 gold pieces at shops.

Inventory:

Hand Weapons
 l - a +1 eveningstar of draining (weapon)
Armour
 h - a +1 helmet
 o - a +1 pair of boots of flying (worn)
 x - a +0 kite shield (worn)
 C - a +0 troll leather armour (worn)
 D - a +0 pair of gloves (worn)
 F - a +0 cloak (worn)
 I - +0 fire dragon scales
Jewellery
 s - a ring of see invisible (left hand)
 B - a ring of willpower (right hand)
Wands
 m - a wand of flame (8)
 p - a wand of polymorph (5)
 q - a wand of digging (3)
 u - a wand of mindburst (15)
 E - a wand of paralysis (7)
Scrolls
 a - a scroll of blinking
 b - 2 scrolls of poison
 e - 2 scrolls of torment
 f - 3 scrolls of brand weapon
 g - 5 scrolls of teleportation
 j - 4 scrolls of fear
 k - 3 scrolls of enchant armour
 n - 2 scrolls of immolation
 t - a scroll of silence
 v - a scroll of amnesia
 y - 2 scrolls of enchant weapon
 z - 3 scrolls of identify
Potions
 d - 2 potions of curing
 i - 3 potions of attraction
 r - a potion of mutation
 w - 2 potions of resistance
 A - 3 potions of heal wounds
 G - a potion of flight {unknown}
 H - a potion of berserk rage
Miscellaneous
 c - a piece from Xom's chessboard (15/15) (quivered)


   Skills:
 - Level 10.0 Fighting
 * Level 15.1 Maces & Flails
 - Level 6.0 Armour
 - Level 5.5 Dodging
 * Level 7.0 Shields
 - Level 5.4 Evocations


You had 11 spell levels left.
You didn't know any spells.
Your spell library contained the following spells:

 Spells                   Type           Power      Damage    Failure   Level
 Apportation              Tloc           0%         N/A       63%         1
 Beastly Appendage        Tmut           0%         N/A       63%         1
 Magic Dart               Conj           0%         1d3       63%         1
 Necrotise                Necr           0%         1d4       63%         1
 Sandblast                Erth           0%         2d4       63%         1
 Summon Small Mammal      Summ           0%         N/A       63%         1
 Passwall                 Tmut/Erth      0%         N/A       77%         2
 Searing Ray              Conj           0%         2d4       77%         2
 Wereblood                Tmut           0%         N/A       77%         2
 Spider Form              Tmut/Pois      0%         N/A       94%         3
 Stone Arrow              Conj/Erth      0%         3d7       94%         3
 Fulminant Prism          Conj/Hex       0%         3d6       100%        4
 Iskenderun's Battlesphe  Conj           0%         2d6       100%        5
 Iron Shot                Conj/Erth      0%         9d1       100%        6
 Spellforged Servitor     Conj/Summ      0%         N/A       100%        7


Dungeon Overview and Level Annotations

Branches:
Dungeon (12/15)            Temple (0/1) D:6            Lair (0/5) D:11
    Orc (1/2) D:12

Altars:
Dithmenos
Elyvilon
Fedhas
Kikubaaqudgha
Makhleb
Ru
Sif Muna
Trog
Uskayaw
Xom
Yredelemnul
Zin
The Shining One
Lugonu

Shops:
D:1 !   D:6 *

Portals:
Abyss: D:11

Annotations:
D:5 2 transporters, xian's ghost, novice MiFi


Innate Abilities, Weirdness & Mutations

You are immune to sickness and miasma.
Your stone body is resilient. (AC +8)
You are immune to poison.
You resist negative energy. (rN+)
You are resistant to electric shocks. (rElec)
You are resistant to unholy torment.
You are immune to petrification.
You have a pair of small horns on your head.
You are partially covered in iridescent scales. (AC +2)
You possess an exceptional clarity of mind.
You are somewhat resistant to further mutation.
You occasionally lose the ability to drink potions when taking damage.
Your movements are slightly less encumbered by armour. (ER -2)


Message History

The orc warlord roars a battlecry!
The orc priest goes into a battle-frenzy!
The orc priest mumbles some strange prayers to Beogh against you.
You easily resist.
There is a staircase back to the Dungeon here.
The orc high priest shouts!
You hear a shout!
The orc completely misses you.
The orc sorcerer hits you but does no damage.
The orc warrior hits you but does no damage.
You fly upwards.
Welcome back to the Dungeon!
There is a staircase to the Orcish Mines here.
You impale the orc sorcerer!!
The orc sorcerer is severely wounded.
The orc sorcerer gestures wildly while chanting.
The orc warrior hits you with a +0 dire flail!
You block the orc wizard's attack.
Unknown command.
You hit the orc sorcerer.
You headbutt the orc sorcerer, but do no damage.
The orc sorcerer is almost dead.
The orc sorcerer gestures at you while chanting.
You suddenly lose the ability to move!
The orc warrior hits you with a +0 dire flail!
The orc wizard hits you but does no damage.
The orc warrior hits you with a +0 dire flail!
The orc wizard hits you with a +0 dagger.
The orc sorcerer casts a spell at you. You resist with almost no effort.
The orc wizard hits you but does no damage.
The orc sorcerer hits you but does no damage.
The orc sorcerer casts a spell at you. The bolt of fire hits you!!
* * * LOW HITPOINT WARNING * * *
The orc wizard hits you but does no damage.
The sun demon hits you!
You feel threatened and lose the ability to drink potions!
* * * LOW HITPOINT WARNING * * *
You are engulfed in flames!!
You die...
Xom howls with laughter!

..######.......####...'........#
..# ####'#### #####........# ..#
#.# #........# .## #.#
#######+## .# #.## ##....# ##
#..# ##..#### #### ##'#### #..##
...# #....o## ##'##### ...#
#...o3@# #......# ...#####
#...oo## ####......#
.......####.....# ##..'......#
...###....'....>###..##....).#
...# ######.....'...###......#
.### #..[..##### ####'### [#
####### #.# ###### #####.##
.....# ###########......#


You could see a sun demon (summoned), an orc sorcerer (strong), an orc warrior
(strong), an orc wizard (strong) and an orc (strong).

Vanquished Creatures
  Josephine (D:12)
  4 two-headed ogres
  Urug (D:11)
  A deep elf pyromancer (D:12)
  Pikel (D:4)
  An ugly thing (D:12)
  A cyclops (D:12)
  2 kobold demonologists (D:11)
  2 trolls (D:11)
  Sigmund (D:4)
  A shadow (D:8)
  Eustachio (D:6)
  2 vampires
  23 yaks
  2 wraiths (D:12)
  Grum (D:11)
  3 steam dragons
  Edmund (D:4)
  A water moccasin (D:6)
  4 ice beasts
  3 orc warriors (D:12)
  4 black bears
  5 ogres
  3 sky beasts
  4 wolves
  2 centaurs
  2 lemures (D:4)
  2 kobold brigands (D:7)
  A phantom (D:6)
  4 bullfrogs
  3 gnoll sergeants
  3 scorpions
  3 necrophages
  4 wights
  6 killer bees
  7 howler monkeys
  9 hounds
  5 jellies
  3 gnoll boudas
  6 orc priests
  2 iguanas
  11 orc wizards
  20 gnolls
  9 adders
  A white imp (D:4)
  2 ufetubi
  3 worms
  3 dart slugs
  32 orcs
  4 ball pythons
  8 bats
  13 endoplasms
  2 giant cockroaches
  2 goblins (D:1)
  5 hobgoblins
  2 jackals (D:4)
  11 kobolds
  2 quokkas
  6 frilled lizards
  8 rats
279 creatures vanquished.

Vanquished Creatures (collateral kills)
  A boulder beetle (D:7)
  A two-headed ogre (D:11)
  3 ugly things (D:11)
  2 kobold demonologists (D:11)
  A slime creature (D:7)
  2 shadows
  3 wraiths (D:12)
  2 yaks (D:11)
  A warg (D:12)
  2 orc warriors (D:12)
  A centaur (D:7)
  2 kobold brigands
  A bullfrog (D:7)
  A howler monkey (D:11)
  An orc priest (D:9)
  An iguana (D:7)
  An orc wizard (D:9)
  A shadow imp (D:7)
  4 orcs
  A kobold (D:7)
32 creatures vanquished.

Vanquished Creatures (others)
  A dancing weapon (D:7)
  4 orc wizards
  A goblin (D:4)
  13 plants
19 creatures vanquished.

Grand Total: 330 creatures vanquished

Notes
Turn   | Place    | Note
-------+----------+-------------------------------------------
     0 | D:1      | greasedhog the Gargoyle Chaos Knight began the quest for
                  | the Orb.
     0 | D:1      | Reached XP level 1. HP: 14/14 MP: 1/1
    40 | D:1      | XOM: butterfly on damage
   364 | D:1      | Reached XP level 2. HP: 15/19 MP: 2/2
   377 | D:1      | XOM: silly message
   547 | D:1      | Found Liocreov's Distillery.
   563 | D:1      | Bought a potion of attraction for 33 gold pieces
   728 | D:1      | Reached XP level 3. HP: 16/24 MP: 3/3
   937 | D:1      | XOM: noise
  1405 | D:2      | Reached skill level 4 in Maces & Flails
  1405 | D:2      | Reached XP level 4. HP: 18/30 MP: 4/4
  1423 | D:2      | XOM: cast spell 'Dispersal'
  1987 | D:2      | Found a faded altar of an unknown god.
  2093 | D:3      | Found a shimmering altar of Xom.
  2097 | D:3      | Found an ancient bone altar of Kikubaaqudgha.
  2130 | D:3      | Found a hide-covered altar of Uskayaw.
  2132 | D:3      | Found a shadowy altar of Dithmenos.
  2134 | D:3      | Found a white marble altar of Elyvilon.
  2137 | D:3      | Found a glowing silver altar of Zin.
  2172 | D:3      | XOM: give mutations
  2172 | D:3      | Gained mutation: You are weak. (Str -2) [Xom's mischief]
  2172 | D:3      | Gained mutation: You sometimes lose your temper in combat.
                  | [Xom's mischief]
  2172 | D:3      | Gained mutation: You occasionally lose the ability to read
                  | scrolls when taking damage. [Xom's mischief]
  2172 | D:3      | Gained mutation: Armour fits poorly on your strangely
                  | shaped body. [Xom's mischief]
  2195 | D:3      | Identified a scroll of acquirement
  2197 | D:3      | Acquired a +0 eveningstar of draining
  2469 | D:3      | Reached XP level 5. HP: 34/34 MP: 5/5
  2481 | D:3      | Reached skill level 5 in Fighting
  2537 | D:3      | XOM: noise
  3242 | D:4      | XOM: 1-stop teleportation journey
  3243 | D:4      | Noticed Edmund
  3254 | D:4      | Killed Edmund
  3255 | D:4      | Reached skill level 5 in Maces & Flails
  3255 | D:4      | Reached XP level 6. HP: 40/40 MP: 6/6
  3296 | D:4      | XOM: chaos upgrade
  3299 | D:4      | XOM: enchant monster (bad)
  3304 | D:4      | XOM: confuse monster(s)
  3340 | D:4      | HP: 3/60 [lemure[Pikel] (6)]
  3345 | D:4      | Xom revived you
  3529 | D:3      | XOM: summons 4 hostile demons
  3894 | D:4      | Lost mutation: You occasionally lose the ability to read
                  | scrolls when taking damage. [potion of mutation]
  3894 | D:4      | Lost mutation: Armour fits poorly on your strangely shaped
                  | body. [potion of mutation]
  3894 | D:4      | Lost mutation: You sometimes lose your temper in combat.
                  | [potion of mutation]
  3894 | D:4      | Gained mutation: A frigid envelope surrounds you and
                  | freezes all who hurt you. [potion of mutation]
  3894 | D:4      | Lost mutation: You are weak. (Str -2) [potion of mutation]
  3894 | D:4      | Gained mutation: You occasionally lose the ability to drink
                  | potions when taking damage. [potion of mutation]
  3894 | D:4      | Gained mutation: You passively map a small area around you.
                  | [potion of mutation]
  3896 | D:4      | Noticed Pikel
  3903 | D:4      | Killed Pikel
  3904 | D:4      | Reached skill level 6 in Maces & Flails
  3904 | D:4      | Reached skill level 5 in Armour
  3904 | D:4      | Reached XP level 7. HP: 39/44 MP: 7/7
  3910 | D:4      | XOM: noise
  3972 | D:4      | Reached XP level 8. HP: 49/49 MP: 8/8
  4001 | D:4      | Noticed Sigmund
  4002 | D:4      | XOM: 4-stop teleportation journey
  4253 | D:4      | XOM: summons 1 hostile demon
  4254 | D:4      | Reached skill level 7 in Maces & Flails
  4254 | D:4      | Reached skill level 1 in Dodging
  4330 | D:4      | Killed Sigmund
  4667 | D:5      | Entered Level 5 of the Dungeon
  4987 | D:5      | Reached skill level 8 in Maces & Flails
  5100 | D:5      | XOM: polymorph water moccasin -> wolf
  5108 | D:5      | XOM: 1-stop teleportation journey
  5109 | D:5      | XOM: give mutation
  5109 | D:5      | Gained mutation: You are agile. (Dex +4, Str/Int -1) [Xom's
                  | grace]
  5151 | D:5      | Found a transporter.
  5262 | D:5      | Noticed xian's ghost (novice MiFi)
  5267 | D:5      | XOM: scenery: summon butterflies
  5285 | D:5      | Reached XP level 9. HP: 54/54 MP: 9/9
  5495 | D:5      | XOM: summons 2 friendly demons
  5635 | D:5      | XOM: confusion
  5678 | D:5      | Reached skill level 9 in Maces & Flails
  5796 | D:5      | Found a transporter.
  5951 | D:5      | XOM: give mutations
  5951 | D:5      | Gained mutation: You are frail. (-10% HP) [Xom's mischief]
  5951 | D:5      | Lost mutation: You occasionally lose the ability to drink
                  | potions when taking damage. [Xom's mischief]
  5951 | D:5      | Lost mutation: A frigid envelope surrounds you and freezes
                  | all who hurt you. [Xom's mischief]
  6087 | D:6      | Found Zuhy's Overcharged Wands.
  6091 | D:6      | Noticed Eustachio
  6256 | D:5      | XOM: summons 5 hostile demons
  6421 | D:6      | XOM: summons 3 friendly demons
  6423 | D:6      | XOM: summons 2 hostile demons
  6474 | D:6      | Killed Eustachio
  6475 | D:6      | Reached skill level 5 in Dodging
  6545 | D:6      | XOM: scenery: create altars
  6625 | D:6      | Found a basalt altar of Yredelemnul.
  6625 | D:6      | Found a burning altar of Makhleb.
  6632 | D:6      | Found a shimmering blue altar of Sif Muna.
  6639 | D:6      | Found a bloodstained altar of Trog.
  6661 | D:6      | Found a staircase to the Ecumenical Temple.
  6928 | D:6      | XOM: confuse monster(s)
  6941 | D:6      | Reached skill level 1 in Evocations
  7088 | D:6      | Reached skill level 10 in Maces & Flails
  7216 | D:6      | XOM: butterfly on damage
  7235 | D:6      | XOM: silly message
  7265 | D:6      | XOM: god gift: 45 gold pieces
  7349 | D:6      | XOM: give mutations
  7349 | D:6      | Gained mutation: You are partially covered in iridescent
                  | scales. (AC +2) [Xom's grace]
  7349 | D:6      | Gained mutation: You possess an exceptional clarity of
                  | mind. [Xom's grace]
  7349 | D:6      | Lost mutation: You are frail. (-10% HP) [Xom's grace]
  7349 | D:6      | Gained mutation: You have a pair of small horns on your
                  | head. [Xom's grace]
  7522 | D:6      | XOM: silly message
  7585 | D:6      | Reached XP level 10. HP: 55/59 MP: 10/10
  7590 | D:7      | XOM: repel stairs
  7592 | D:7      | XOM: blink monster(s)
  7696 | D:7      | XOM: 2-stop teleportation journey
  7871 | D:7      | XOM: 2-stop teleportation journey
  8119 | D:7      | XOM: divination: magic mapping
  8187 | D:7      | Noticed a two-headed ogre
  8190 | D:7      | Noticed a boulder beetle
  8193 | D:7      | Killed a two-headed ogre
  8198 | D:7      | XOM: summons friendly shadow imp
  8223 | D:7      | Reached skill level 11 in Maces & Flails
  8275 | D:7      | Killed a boulder beetle
  8276 | D:7      | Reached skill level 5 in Evocations
  9061 | D:7      | Noticed a two-headed ogre
  9066 | D:7      | XOM: 3-stop teleportation journey
  9116 | D:7      | Killed a two-headed ogre
  9117 | D:7      | Reached XP level 11. HP: 54/65 MP: 11/11
  9171 | D:7      | Reached skill level 12 in Maces & Flails
  9440 | D:7      | XOM: summons 2 friendly demons
  9907 | D:9      | XOM is BORED!
  9907 | D:9      | XOM: 3-stop teleportation journey
  9981 | D:9      | XOM: cast spell 'Monstrous Menagerie'
 10120 | D:9      | Found a glowing golden altar of the Shining One.
 10165 | D:9      | XOM: give mutations
 10165 | D:9      | Lost mutation: You are agile. (Dex +4, Str/Int -1) [Xom's
                  | mischief]
 10165 | D:9      | Lost mutation: You passively map a small area around you.
                  | [Xom's mischief]
 10165 | D:9      | Gained mutation: You are somewhat resistant to further
                  | mutation. [Xom's mischief]
 10285 | D:9      | XOM: scenery: summon butterflies
 10472 | D:10     | Entered Level 10 of the Dungeon
 10560 | D:10     | XOM: 2-stop teleportation journey
 11005 | D:10     | XOM: summons friendly shadow imp
 11032 | D:10     | XOM: polymorph shadow imp -> crimson imp
 11234 | D:10     | Found a sacrificial altar of Ru.
 11235 | D:10     | Found a blossoming altar of Fedhas.
 11235 | D:10     | Noticed a two-headed ogre
 11244 | D:10     | Killed a two-headed ogre
 11666 | D:10     | XOM: noise
 11857 | D:11     | Noticed Urug
 11858 | D:11     | XOM: summons 5 friendly demons
 11863 | D:11     | Reached skill level 13 in Maces & Flails
 11926 | D:10     | XOM: cloud trail
 12176 | D:10     | XOM: blink monster(s)
 12313 | D:11     | XOM: smoke on damage
 12315 | D:11     | XOM: confuse monster(s)
 12329 | D:11     | Killed Urug
 12334 | D:11     | Gained mutation: You occasionally lose the ability to drink
                  | potions when taking damage. [a neqoxec]
 12415 | D:10     | XOM: summons 4 hostile demons
 12573 | D:10     | XOM: noise
 12662 | D:11     | XOM: torment (56/71 hp)
 12739 | D:11     | Noticed Grum
 12741 | D:11     | XOM: enchant monster (bad)
 12754 | D:11     | XOM: enchant monster (bad)
 12768 | D:10     | XOM: give mutation
 12768 | D:10     | Gained mutation: Your movements are slightly less
                  | encumbered by armour. (ER -2) [Xom's grace]
 12809 | D:11     | Killed Grum
 12867 | D:11     | Found a staircase to the Lair.
 12872 | D:11     | Noticed a two-headed ogre
 12877 | D:11     | Killed a two-headed ogre
 12883 | D:11     | Found a large runed translucent door.
 12883 | D:11     | Found a large runed translucent door.
 12887 | D:11     | Noticed a white ugly thing
 12890 | D:11     | Found a corrupted altar of Lugonu.
 12890 | D:11     | Noticed a green ugly thing
 12891 | D:11     | Identified the +5 dagger "Ywinun" {distort, rCorr Dex+2}
 12891 | D:11     | Identified the +1 robe of the End {*Slow Str+8 Archmagi}
 12968 | D:11     | Noticed a purple ugly thing
 12973 | D:11     | Noticed a sun demon
 12975 | D:11     | Killed a purple ugly thing
 12976 | D:11     | Reached skill level 10 in Fighting
 12976 | D:11     | Reached XP level 12. HP: 74/77 MP: 12/12
 12976 | D:11     | XOM: blink monster(s)
 12980 | D:11     | Reached skill level 1 in Shields
 12986 | D:11     | Reached skill level 14 in Maces & Flails
 12996 | D:11     | Found a one-way gate to the infinite horrors of the Abyss.
 13422 | D:12     | XOM: summons 3 friendly demons
 13434 | D:12     | XOM: blink monster(s)
 13519 | D:12     | XOM: summons 6 friendly demons
 13633 | D:12     | Reached skill level 5 in Shields
 13648 | D:12     | XOM: confuse monster(s)
 13858 | D:12     | XOM: 2-stop teleportation journey
 13866 | D:12     | Noticed a two-headed ogre
 13868 | D:12     | Killed a two-headed ogre
 13889 | D:12     | Found a staircase to the Orcish Mines.
 14015 | D:12     | XOM: divination: magic mapping
 14163 | Orc:1    | Entered Level 1 of the Orcish Mines
 14163 | Orc:1    | Noticed Josephine
 14172 | D:12     | XOM: potion effect (heal wounds)
 14206 | D:12     | Killed Josephine
 14208 | D:12     | Reached skill level 15 in Maces & Flails
 14281 | Orc:1    | Noticed an orc warlord
 14449 | Orc:1    | Noticed an orc high priest
 14453 | D:12     | Noticed a sun demon
 14453 | D:12     | Paralysed by an orc sorcerer for 4 turns
 14457 | D:12     | Mangled by a sun demon

Illustrated notes

Levels and vault maps discovered:
D:1:      nicolae_arrival_washed_ashore, layout_rooms, serial_shops, shop
D:2:      layout_loops_ring, hellmonk_ecumenical_altar_arch_garden,
          dk_noncrumbling_2, hangedman_decor_growths, chequers_mini_garden,
          nicolae_grassy_gnolls
D:3:      layout_loops_ring, minitemple, serial_aquarium,
          aquarium_bridge_straight [aquarium_subvault_bridge,
          aquarium_subvault_window, aquarium_subvault_bridge,
          aquarium_subvault_wall], aquarium_window_2, aquarium_window_fake,
          aquarium_window_1, aquarium_view_4, aquarium_view_2c,
          aquarium_balcony_5b, minivault_27
D:4:      layout_basic, nrook_campfire, minmay_a_box_with_orc_wizards_in_it,
          uniq_pikel, uniq_sigmund, uniq_edmund
D:5:      minmay_angry_zag, layout_basic, gammafunk_ghost_mausoleum
D:6:      nicolae_BIG_FREAKIN_CUBE, layout_rooms, mainiacjoe_overflow_alcove_3,
          minmay_temple_entry_offerings, minmay_stone_trees_medium,
          nicolae_shop_overcharged_wands, uniq_eustachio
D:7:      nzn_winding_woodlands_small [nzn_winding_woodlands_5x15_longhouse,
          nzn_winding_woodlands_center_garden,
          nzn_winding_woodlands_5x15_sidewinder], layout_cave_pods
D:8:      layout_rooms, st_stairs_7
D:9:      layout_big_octagon, tso_altar
D:10:     layout_basic, mainiacjoe_overflow_divided_tiny
D:11:     due_chaos_kobolds, layout_cave_pools, lair_entry_dummy, uniq_urug,
          uniq_grum
D:12:     layout_roguey, orc_0_dummy
Orc:1:    layout_caves, serial_shops, shop, okawaru_metal_pillars_1_2,
          uniq_josephine

Skill      XL: |  1  2  3  4  5  6  7  8  9 10 11 12 |
---------------+-------------------------------------+-----
Fighting       | 4 5 6 10 | 10.0
Maces & Flails | 4 5 6 8 10 11 13 15 | 15.1
Armour         | 3 5 6 |  6.0
Dodging        | 3 5 |  5.5
Evocations     | 3 5 |  5.4
Shields        | 7 |  7.0

Action                   |  1- 3 |  4- 6 |  7- 9 | 10-12 || total
-------------------------+-------+-------+-------+-------++-------
Melee: Mace              |   113 |    32 |       |       ||   145
       Eveningstar       |       |   119 |   207 |   488 ||   814
       Unarmed           |       |       |    11 |       ||    11
       Headbutt          |       |       |     3 |    83 ||    86
       Punch             |       |       |     1 |       ||     1
Evoke: Piece from Xom's  |       |     4 |       |     3 ||     7
       Wand              |       |       |       |     9 ||     9
  Use: Scroll            |     4 |     5 |     2 |     9 ||    20
       Potion            |       |     6 |       |     2 ||     8
 Stab: Paralysed         |       |     4 |       |       ||     4
       Confused          |       |     1 |     1 |     2 ||     4
       Sleeping          |       |       |     1 |     2 ||     3
       Invisible         |       |       |       |     3 ||     3
       Distracted        |       |       |       |     1 ||     1
Armor: Leather armour    |    74 |    71 |   118 |    56 ||   319
       Steam dragon scal |       |       |       |    86 ||    86
       Troll leather arm |       |       |       |    97 ||    97
Dodge: Dodged            |    82 |    87 |   191 |   299 ||   659
Block: Kite shield       |       |       |       |   122 ||   122
